 Dungeon Sprint DCSS version 0.29.1-15-g9cfb28693d (webtiles) character file.

Game seed: 11753492787309315283

9300000 Groucho the Intangible (level 27, -25/228 HPs)
             Began as a Djinni Gladiator on Mar 18, 2023.
             Was the Champion of Makhleb.
             Annihilated by a meat berserker
             ... wielding a +9 battleaxe
              (81 damage)
             ... in the Dungeon (Sprint VIII: "Arena of Blood").
             The game lasted 00:04:55 (93 turns).

Groucho the Intangible (Djinni Gladiator)             Turns: 93, Time: 00:04:56

Health: -25/228    AC:  8    Str: 15    XL:     27
Gold:   0          EV: 37    Int: 12    God:    Makhleb [******] SH:  0 Dex: 25

rFire   + + .      SeeInvis .   k - +∞ Axe of Woe
rCold   x . .      Faith    .   (shield currently unavailable)
rNeg    . . .      Spirit   .   b - +0 leather armour
rPois   ∞          Reflect  .   c - +0 helmet
rElec   .          Harm     .   (no cloak)
rCorr   .          Rampage  .   (no gloves)
Will    ++...      NoTele   +   (boots unavailable)
Stlth   +++++++++.              (no amulet)
HPRegen 0.48/turn               (no ring)
MPRegen 0.00/turn               (no ring)

@: flying
A: sickness immunity, fire resistance 2, cold vulnerability 1, float, innate
caster, HP casting, extra vitality 1
a: Renounce Religion, Minor Destruction, Lesser Servant of Makhleb, Major
Destruction, Greater Servant of Makhleb


You were in the Dungeon.
You worshipped Makhleb.
Makhleb was exalted by your worship.
You visited 1 branch

Inventory:

Hand Weapons
 a - a +0 war axe
 k - the +∞ Axe of Woe (weapon)
   (You found it in the Dungeon)
Missiles
 d - 3 throwing nets (quivered)
 e - a javelin
Armour
 b - a +0 leather armour (worn)
 c - a +0 helmet (worn)
Jewellery
 h - a +30 ring of slaying
Scrolls
 j - a scroll of blinking
Potions
 f - a potion of curing
 g - a potion of heal wounds
 i - a potion of berserk rage


   Skills:
 O Level 27 Fighting
 O Level 27 Short Blades
 O Level 27 Long Blades
 O Level 27 Axes
 O Level 27 Maces & Flails
 O Level 27 Polearms
 O Level 27 Staves
 + Level 23.6 Ranged Weapons
 + Level 23.7 Throwing
 O Level 27 Armour
 O Level 27 Dodging
 + Level 25.5 Stealth
 O Level 27 Shields
 O Level 27 Unarmed Combat
 O Level 27 Spellcasting
 O Level 27 Invocations
 O Level 27 Evocations


You had 12 spell levels left.
You knew the following spells:

 Your Spells              Type           Power      Damage    Failure   Level
a - Summon Small Mammal   Summ           100%       N/A       0%          1
b - Static Discharge      Conj/Air       69%        3-12/arc  0%          2
c - Poisonous Vapours     Pois/Air       100%       N/A       0%          2
d - Vampiric Draining     Necr           69%        2d10      0%          3
e - Olgreb's Toxic Radia  Pois           69%        N/A       0%          4
f - Metabolic Englaciati  Hex/Ice        34%        N/A       0%          5
g - Summon Cactus Giant   Summ           34%        N/A       0%          6
h - Enfeeble              Hex            34%        N/A       1%          7
i - Starburst             Conj/Fire      34%        6d10      0%          6
j - Necromutation         Tmut/Necr      34%        N/A       1%          8
k - Summon Hydra          Summ           34%        N/A       1%          7
l - Infestation           Necr           34%        N/A       1%          8
m - Dragon's Call         Summ           34%        N/A       3%          9
Your spell library was empty.

Dungeon Overview and Level Annotations

Branches:
Dungeon (1/1)

Altars:
Makhleb


Innate Abilities, Weirdness & Mutations

You are immune to sickness and miasma.
You are immune to poison.
Your flesh is very heat resistant. (rF++)
You are vulnerable to cold. (rC-)
You float through the air rather than walking.
You learn spells naturally, not from books.
Your magical power is your life essence.
You have superior vitality. (+4 MHP)


Message History

You hear a shout!
The destroyer is engulfed in blazing flames.
A bag of meat comes into view. It is wielding a +9 war axe.
You hear a shout! x2
A meat berserker comes into view. It is wielding a +9 battleaxe.
You hear a shout!
An accursed comes into view.
A bag of meat comes into view. It is wielding a +9 war axe.
You hear a shout! x3
The destroyer hits you with a +9 vorpal great sword!!!
* * * LOW HITPOINT WARNING * * *
The destroyer bites you!
* * * LOW HITPOINT WARNING * * *
You hear two shouts!
Unknown command.
You hit the destroyer but do no damage. You chop the destroyer into pieces.
You destroy the destroyer!
Makhleb accepts your kill.
You feel better.
You slash the meat berserker!
You slaughter the meat berserker joyfully.
You kill the meat berserker!
Makhleb accepts your kill.
You hit something.
You hew something savagely.
Makhleb accepts your kill.
You feel better.
Reactivating autopickup.
You feel a bit more experienced.
You feel yourself speed up.
You hear a shout! x2
The meat berserker rages.
You hear a shout!
The meat berserker rages.
You hear a shout! x5
A meat berserker comes into view. It is wielding a +9 battleaxe.
You hear a shout! x3
The meat berserker hits you with a +9 battleaxe!!!
* * * LOW HITPOINT WARNING * * *
An accursed comes into view.
The meat berserker hits you with a +9 battleaxe!!!!
You die...

O... ... .....
#... ...# . #..o
...# . .M###XW.
...###..
...OLLo###......
..X.o.OO_..O.oM
#O@§O)# #☼)§)_#
#§§☼))#
#.....))._......
........###.oO.ML
...###...
...###.. .. #...
...# . #.......#
.........


You could see 3 accurseds, a tentacled monstrosity (summoned), 2 tyrants, a
large abomination (summoned), a dread, 8 meat berserkers and 4 bags of meat.

Vanquished Creatures
  4 hell beasts (D)
  2 royal mummies (D)
  A wraith (D)
  14 vampire knights (D)
  16 ogres (D)
  3 two-headed ogres (D)
  A lich (D)
  A phantom (D)
  25 orcs (D)
  2 skeletal warriors (D)
69 creatures vanquished.

Notes
Turn   | Place    | Note
-------+----------+-------------------------------------------
     0 | D        | Found the +∞ Axe of Woe
     0 | D        | Groucho the Djinni Gladiator began the quest for the Orb.
     0 | D        | Reached XP level 1. HP: 18/18 MP: 0/0
     2 | D        | Noticed a bag of meat
     2 | D        | Noticed a bag of meat
     3 | D        | Noticed a bag of meat
     3 | D        | Noticed a bag of meat
     4 | D        | Became a worshipper of Makhleb the Destroyer
     4 | D        | Noticed a bag of meat
     4 | D        | Noticed a bag of meat
     4 | D        | Noticed a bag of meat
     5 | D        | Noticed a meat berserker
     5 | D        | Noticed a bag of meat
     6 | D        | Noticed a bag of meat
     7 | D        | Killed a meat berserker
     7 | D        | Killed a bag of meat
     7 | D        | Reached * piety under Makhleb
     7 | D        | Killed a bag of meat
     7 | D        | Noticed a bag of meat
     8 | D        | Reached XP level 2. HP: 23/23 MP: 0/0
     8 | D        | Reached XP level 3. HP: 28/28 MP: 0/0
     8 | D        | Learned a level 1 spell: Summon Small Mammal
     8 | D        | Reached XP level 4. HP: 33/33 MP: 0/0
     8 | D        | Reached XP level 5. HP: 38/38 MP: 0/0
     8 | D        | Learned a level 2 spell: Static Discharge
     8 | D        | Reached XP level 6. HP: 43/43 MP: 0/0
     8 | D        | Reached XP level 7. HP: 49/49 MP: 0/0
     8 | D        | Learned a level 2 spell: Poisonous Vapours
     8 | D        | Reached XP level 8. HP: 54/54 MP: 0/0
     8 | D        | Reached XP level 9. HP: 58/58 MP: 0/0
     8 | D        | Learned a level 3 spell: Vampiric Draining
     8 | D        | Reached XP level 10. HP: 64/64 MP: 0/0
     8 | D        | Reached XP level 11. HP: 68/68 MP: 0/0
     8 | D        | Learned a level 4 spell: Olgreb's Toxic Radiance
     8 | D        | Reached XP level 12. HP: 74/74 MP: 0/0
     8 | D        | Reached XP level 13. HP: 78/78 MP: 0/0
     8 | D        | Learned a level 5 spell: Metabolic Englaciation
     9 | D        | Killed a bag of meat
     9 | D        | Killed a bag of meat
     9 | D        | Reached ** piety under Makhleb
     9 | D        | Noticed a meat berserker
    10 | D        | Reached skill level 27 in Dodging
    10 | D        | Reached XP level 14. HP: 85/85 MP: 0/0
    11 | D        | Noticed a meat berserker
    12 | D        | Killed a bag of meat
    12 | D        | Killed a bag of meat
    12 | D        | Killed a bag of meat
    12 | D        | Reached *** piety under Makhleb
    13 | D        | Reached skill level 27 in Axes
    13 | D        | Reached XP level 15. HP: 94/94 MP: 0/0
    13 | D        | Learned a level 6 spell: Summon Cactus Giant
    14 | D        | Killed a meat berserker
    15 | D        | Reached XP level 16. HP: 118/118 MP: 0/0
    16 | D        | Killed a meat berserker
    16 | D        | Reached **** piety under Makhleb
    16 | D        | Noticed a meat berserker
    17 | D        | Reached skill level 15 in Fighting
    17 | D        | Reached skill level 15 in Armour
    17 | D        | Reached skill level 15 in Invocations
    18 | D        | Reached XP level 17. HP: 135/135 MP: 0/0
    18 | D        | Learned a level 7 spell: Enfeeble
    23 | D        | Noticed a large bag of meat
    25 | D        | Killed a meat berserker
    25 | D        | Reached ***** piety under Makhleb
    30 | D        | Noticed a destroyer
    32 | D        | Reached XP level 18. HP: 156/156 MP: 0/0
    32 | D        | Noticed a destroyer
    34 | D        | Killed a destroyer
    34 | D        | Killed a large bag of meat
    34 | D        | Noticed a large bag of meat
    35 | D        | Reached XP level 19. HP: 160/171 MP: 0/0
    35 | D        | Learned a level 6 spell: Starburst
    35 | D        | Noticed a destroyer
    35 | D        | Noticed a sculptor of flesh
    37 | D        | Noticed a destroyer
    39 | D        | Reached ****** piety under Makhleb
    40 | D        | Reached skill level 27 in Fighting
    40 | D        | Killed a destroyer
    40 | D        | Killed a destroyer
    40 | D        | Noticed a sculptor of flesh
    41 | D        | Reached skill level 27 in Armour
    41 | D        | Reached skill level 27 in Invocations
    41 | D        | Reached XP level 20. HP: 178/181 MP: 0/0
    41 | D        | Noticed a destroyer
    42 | D        | Noticed a destroyer
    43 | D        | Killed a destroyer
    44 | D        | Noticed a destroyer
    46 | D        | Killed a large bag of meat
    46 | D        | Noticed a destroyer
    47 | D        | Noticed a destroyer
    49 | D        | Killed a destroyer
    49 | D        | Killed a destroyer
    50 | D        | Reached skill level 27 in Spellcasting
    50 | D        | Reached XP level 21. HP: 187/187 MP: 0/0
    50 | D        | Learned a level 8 spell: Necromutation
    50 | D        | Noticed a destroyer
    51 | D        | Killed a destroyer
    51 | D        | Noticed a tyrant
    52 | D        | Reached skill level 27 in Evocations
    52 | D        | Killed a destroyer
    53 | D        | Reached skill level 10 in Maces & Flails
    53 | D        | Reached skill level 10 in Polearms
    53 | D        | Reached XP level 22. HP: 194/194 MP: 0/0
    53 | D        | Noticed an accursed
    57 | D        | Killed a destroyer
    58 | D        | Reached skill level 15 in Maces & Flails
    58 | D        | Reached skill level 15 in Polearms
    58 | D        | Killed a destroyer
    58 | D        | Noticed a meat berserker
    59 | D        | Noticed a meat beast
    60 | D        | Noticed a meat berserker
    60 | D        | Noticed a destroyer
    61 | D        | Killed a tyrant
    62 | D        | Reached XP level 23. HP: 201/201 MP: 0/0
    62 | D        | Learned a level 7 spell: Summon Hydra
    62 | D        | Killed a meat beast
    67 | D        | Reached skill level 27 in Maces & Flails
    67 | D        | Reached skill level 27 in Polearms
    67 | D        | Reached XP level 24. HP: 208/208 MP: 0/0
    68 | D        | Noticed an accursed
    69 | D        | Killed a destroyer
    70 | D        | Noticed a meat beast
    71 | D        | Killed an accursed
    72 | D        | Reached skill level 27 in Unarmed Combat
    72 | D        | Noticed a meat beast
    73 | D        | Killed a meat beast
    74 | D        | Reached skill level 27 in Short Blades
    74 | D        | Reached XP level 25. HP: 120/214 MP: 0/0
    74 | D        | Learned a level 8 spell: Infestation
    75 | D        | Killed an accursed
    76 | D        | Reached skill level 27 in Staves
    76 | D        | Reached XP level 26. HP: 154/221 MP: 0/0
    76 | D        | Noticed a dread
    79 | D        | Reached skill level 15 in Long Blades
    81 | D        | Noticed a large bag of meat
    81 | D        | Noticed a meat beast
    81 | D        | Noticed a meat beast
    82 | D        | Noticed a destroyer
    82 | D        | Noticed a destroyer
    84 | D        | Killed a dread
    84 | D        | Noticed a tyrant
    85 | D        | Reached skill level 27 in Long Blades
    85 | D        | Reached skill level 10 in Shields
    85 | D        | Killed a meat beast
    85 | D        | Killed a meat beast
    85 | D        | Noticed a dread
    86 | D        | Reached XP level 27. HP: 228/228 MP: 0/0
    86 | D        | Learned a level 9 spell: Dragon's Call
    86 | D        | Noticed a destroyer
    87 | D        | Killed a large bag of meat
    87 | D        | Noticed a destroyer
    87 | D        | Noticed a tyrant
    88 | D        | Noticed a tyrant
    91 | D        | Killed a destroyer
    91 | D        | Killed a destroyer
    92 | D        | Reached skill level 27 in Shields
    92 | D        | Noticed an accursed
    93 | D        | Noticed an accursed
    93 | D        | Killed a destroyer
    93 | D        | Noticed an accursed
    93 | D        | Annihilated by a meat berserker

Illustrated notes

Levels and vault maps discovered:
D:        meatsprint

Skill      XL: |  1  2  3  4  5  6  7  8  9 10 11 12 13 14 15 16 17 18 19 20 21 22 23 24 25 26 27 |
---------------+----------------------------------------------------------------------------------+-----
Axes           | 20 23 27 | 27.0
Dodging        | 25 27 | 27.0
Fighting       | 4 11 16 22 26 27 | 27.0
Armour         | 3 11 16 22 25 27 | 27.0
Invocations    | 3 11 16 22 25 27 | 27.0
Spellcasting   | 18 27 | 27.0
Evocations     | 22 27 | 27.0
Maces & Flails | 10 21 27 | 27.0
Polearms       | 10 21 27 | 27.0
Unarmed Combat | 20 27 | 27.0
Short Blades   | 27 | 27.0
Staves         | 20 27 | 27.0
Long Blades    | 6 27 | 27.0
Ranged Weapons | 19 23 | 23.6
Throwing       | 20 23 | 23.7
Stealth        | 21 25 | 25.5
Shields        | 23 27 | 27.0

Action                   |  1- 3 |  4- 6 |  7- 9 | 10-12 | 13-15 | 16-18 | 19-21 | 22-24 | 25-27 || total
-------------------------+-------+-------+-------+-------+-------+-------+-------+-------+-------++-------
Melee: Executioner's axe |     1 |       |       |       |     3 |     8 |     9 |    10 |    12 ||    43
  Use: Potion            |     1 |       |       |       |       |       |       |       |       ||     1
Armor: Leather armour    |       |       |       |       |       |       |       |       |     1 ||     1
Dodge: Dodged            |       |       |       |       |       |       |       |     1 |     3 ||     4
